AoeStats
← ChessPro2007

Arena

510917006Analyzed
2v2 RM · 11h ago on Oct 3, 2026· 79m 50s· 4 players
Game mode
Random Map
Map size
Medium (4 player)
Population
200
Speed
Normal
Resources
Standard
Victory
Conquest
Starting age
Dark Age
Ending age
Imperial Age
RankedLock teamsTeams togetherTeam positionsShared explorationLock speedFull tech treeHidden civsTurbo modeCheats
Victory
Defeat
🇺🇸 Bohemians · United States
1151
+17
🇺🇸 Saracens · United States
1109
+19
🇺🇾 Armenians · Uruguay
1233
-20
🇧🇷 Cumans · Brazil
1122
-16
MuMu4U4U
8:21 Loom
10:59 Feudal Age
21:02 Castle Age
26:50 Castle Age
43:09 Imperial Age
43:51 Chemistry
44:44 Pikeman
50:41 Elite Skirmisher
57:57 Bombard Tower
64:18 Fletching
ChessPro2007
10:39 Feudal Age
11:31 Double-Bit Axe
14:04 Horse Collar
20:06 Castle Age
19:45 Fletching
20:41 Bodkin Arrow
23:27 Husbandry
25:03 Loom
28:03 Wheelbarrow
29:52 Bloodlines
30:31 Hand Cart
30:33 Forging
31:26 Scale Barding Armor
32:49 Chain Barding Armor
32:42 Town Watch
33:23 Bloodlines
33:43 Bow Saw
33:35 Heavy Plow
33:52 Gold Mining
39:17 Imperial Age
38:37 Iron Casting
37:50 Light Cavalry
40:37 Conscription
40:37 Bimaristan
41:14 Elite Mameluke
45:15 Plate Barding Armor
47:29 Onager
50:36 Blast Furnace
51:38 Siege Engineers
52:35 Chemistry
60:43 Fortified Wall
74:21 Two-Man Saw
alwinmonteiro
10:39 Feudal Age
11:51 Double-Bit Axe
13:05 Gold Mining
21:46 Town Watch
22:37 Wheelbarrow
21:48 Loom
22:11 Horse Collar
27:08 Castle Age
25:59 Scale Barding Armor
26:05 Forging
25:46 Fletching
28:47 Chain Barding Armor
29:03 Iron Casting
29:17 Bloodlines
30:40 Heavy Plow
33:51 Hand Cart
38:10 Capped Ram
41:37 Imperial Age
42:11 Gold Shaft Mining
42:59 Plate Barding Armor
44:49 Blast Furnace
43:14 Cavalier
45:08 Paladin
54:46 Crop Rotation
55:22 Bow Saw
60:09 Elite Skirmisher
60:56 Bodkin Arrow
61:02 Padded Archer Armor
62:37 Thumb Ring
63:14 Hoardings
63:30 Leather Archer Armor
70:06 Two-Man Saw
71:43 Light Cavalry
76:33 Pikeman
77:14 Squires
Ricky-Uruguay
6:57 Loom
11:21 Feudal Age
12:03 Double-Bit Axe
12:43 Man-at-Arms
14:09 Long Swordsman
16:12 Horse Collar
23:57 Scale Mail Armor
24:36 Wheelbarrow
27:50 Castle Age
27:56 Forging
29:48 Padded Archer Armor
29:38 Fletching
30:05 Chain Mail Armor
29:36 Crossbowman
33:11 Bodkin Arrow
33:22 Squires
33:08 Gambesons
35:39 Two-Handed Swordsman
38:22 Bow Saw
38:05 Gold Mining
38:44 Hand Cart
40:14 Ballistics
42:48 Imperial Age
42:49 Arbalester
43:34 Bracer
47:07 Conscription
49:27 Chemistry
52:55 Elite Composite Bowman
53:20 Champion
64:44 Caravan
Connection lost

Rejoining the realm…

Still unreachable

The connection could not be restored.

Session expired

The server has moved on; the page needs a fresh start.